 Seeded DCSS version 0.29-a0-1043-g569b05d6ff (webtiles) character file.

Game seed: 6412630463162705414 (custom seed)

38 flotson the Sneak (level 3, -1/28 (29) HPs)
             Began as a Demonspawn Delver on Aug 15, 2022.
             Slain by a phantom (4 damage)
             ... on level 5 of the Dungeon.
             The game lasted 00:00:52 (494 turns).

flotson the Sneak (Demonspawn Delver)                Turns: 494, Time: 00:00:53

HP:   -1/28 (29)    AC:  3    Str: 14    XL:     3   Next: 25%
MP:   3/3           EV: 12    Int: 11    God:
Gold: 13            SH:  0    Dex: 14    Spells: 2/2 levels left

rFire   . . .      SeeInvis .   a - +0 hand axe
rCold   . . .      Faith    .   (no shield)
rNeg    . . .      Spirit   .   b - +0 leather armour
rPois   .          Reflect  .   (no helmet)
rElec   .          Harm     .   (no cloak)
rCorr   .          Rampage  .   (no gloves)
Will    .....                   (no boots)
Stlth   ++........              (no amulet)
HPRegen 0.09/turn               (no ring)
MPRegen 0.08/turn               (no ring)

@: lightly drained
A: weakness stinger 1
a: no special abilities


You were on level 5 of the Dungeon.
You visited 1 branch of the dungeon, and saw 1 of its levels.

You collected 13 gold pieces.

Inventory:

Hand Weapons
 a - a +0 hand axe (weapon)
Armour
 b - a +0 leather armour (worn)
Wands
 g - a wand of digging (3)
Scrolls
 c - a scroll of fog


   Skills:
 + Level 3.3 Fighting
 - Level 1.7 Axes
 + Level 1.1 Armour
 + Level 2.2 Dodging
 - Level 4.5 Stealth
 + Level 1.2 Evocations


You had 2 spell levels left.
You didn't know any spells.
Your spell library was empty.

Dungeon Overview and Level Annotations

Branches:
Dungeon (5/15)
 Temple: D:4-7

Altars:


Innate Abilities, Weirdness & Mutations

You have a small tail.


Message History

As you read the scroll of magic mapping, it crumbles to dust.
You feel aware of your surroundings. The wight attacks as you move away!
The wight barely misses you. The wight attacks as you move away!
The wight hits you with a +0 short sword.
The orc shouts!
You hear a shout!
The wight attacks as you move away! The wight barely misses you.
A gnoll comes into view. It is wielding a +0 flail.
A gnoll comes into view. It is wielding a +0 flail.
The gnoll shouts!
You hear a shout!
A gnoll comes into view. It is wielding a +0 halberd.
A gnoll comes into view. It is wielding a +0 club.
A gnoll comes into view. It is wielding a +0 whip.
The gnoll moves out of view.
A gnoll sergeant comes into view. It is wielding a +0 trident of venom.
The gnoll sergeant shouts!
The gnoll shouts! x2
A phantom comes into view.
The orc barely misses you.
You aren't carrying any potions.
As you read the scroll of fear, it crumbles to dust.
You assume a fearsome visage.
The orc looks frightened!
The wight is unaffected. x2; The gnoll sergeant looks frightened!
The gnoll looks frightened! x5; The phantom is unaffected.
The wight hits you with a +0 short sword!
A gnoll opens the door.
The wight attacks as you move away!
The wight hits you with a +0 short sword.
You feel drained.
The orc gives up.
The phantom attacks as you move away! The phantom closely misses you.
Found a bone wand.
The phantom barely misses you. The wight attacks as you move away!
The wight misses you.
You see here a scroll labelled WOOLO ITHOHUMM.
The phantom attacks as you move away! The phantom hits you.
The wight attacks as you move away!
The wight hits you with a +0 short sword!
* * * LOW HITPOINT WARNING * * *
The phantom attacks as you move away! The phantom hits you.
You die...

..................,,,,,+,>,,,,,,,
..................#<,,,*,,,,,,,,,
..!............#*.#,,,,,,,,,,,,,,
...............#*.#,,,*,,,,,,,,,,
.............##**.#,,,***,,,,,,,,
............### *.#,,,*,+,,,,,,,,
.........#....# *.#,,,*+*,,,,,,,,
.........#...z###.#,,,,,,,,,,,,,,
.........#....?W@.#,,,,,,,,,,*,,,
.........##....z..#*,*,,,,,,,,,,*
.........++.....z.+,,+,,,,,,,,,,,
..................#*,*,,,,,,,,,,,
...........#........,*,,,,,,,,,,,
...........#...#..z/.*...,,......
####.................##...**.....
####.................##...###....
...................,,,+....(.....


You could see a phantom and 4 wights.

Vanquished Creatures
  A hound (D:5)
  An adder (D:5)
2 creatures vanquished.

Notes
Turn   | Place    | Note
-------+----------+-------------------------------------------
     0 | D:5      | flotson the Demonspawn Delver began the quest for the Orb.
     0 | D:5      | Reached XP level 1. HP: 18/18 MP: 1/1
     2 | D:5      | Noticed a hound
    24 | D:5      | Killed a hound
    25 | D:5      | Reached skill level 1 in Armour
    25 | D:5      | Reached skill level 1 in Evocations
    25 | D:5      | Gained mutation: You have a small tail. [demonic ancestry]
    25 | D:5      | Reached XP level 2. HP: 4/24 MP: 2/2
    25 | D:5      | Reached XP level 3. HP: 5/29 MP: 3/3
   442 | D:5      | Noticed a water moccasin
   453 | D:5      | Noticed a wight
   454 | D:5      | Noticed a wight
   455 | D:5      | Noticed a wight
   455 | D:5      | Noticed a wight
   482 | D:5      | Noticed a gnoll sergeant
   482 | D:5      | Noticed a phantom
   494 | D:5      | Slain by a phantom

Illustrated notes

Levels and vault maps discovered:
D:5:      layout_basic

Skill      XL: |  1 |
---------------+----+-----
Armour         | 1 |  1.1
Dodging        | 2 |  2.2
Evocations     | 1 |  1.2
Fighting       | |  3.3
Axes           | |  1.7
Stealth        | |  4.5

Action                   || total
-------------------------++-------
Melee: Hand axe          ||    18
  Use: Potion            ||     1
       Scroll            ||     2
Armor: Leather armour    ||     9
Dodge: Dodged            ||    14

Table legend: (Time is in decaauts)
 A = Elapsed time spent in this place.
 B = Non-inter-level travel time spent in this place.
 C = Inter-level travel time spent in this place.
 D = Time resting spent in this place.
 E = Time spent auto-exploring this place.
 F = Levels seen in this place.
 G = Mean time per level.
                   A        B        C        D        E       F      G
               +--------+--------+--------+--------+--------+-----+--------+
         Total |    478 |    478 |      0 |    264 |    126 |   1 |  478.0 |
       Dungeon |    478 |    478 |      0 |    264 |    126 |   1 |  478.0 |
               +--------+--------+--------+--------+--------+-----+--------+

Top non-repeatable levels by time:
     D:5: 478 daAuts
